NYPL
UTICA BLUE JAYS @ WILLIAMSPORT GREYS
07/17/1999
 
TOP OF THE 1ST
Newark Black Sox batting - Pitching for Oneonta Indians : LHP Steve K Davis
Pitching: LHP Steve K Davis
Batting: RHB Rafael Belliard 0-0: Bunt missed!
0-1: Called Strike
0-2: Ball
1-2: Fly out, F9 (Line Drive, 9D, EV 88.1 MPH)
Batting: RHB Ellis Burks 0-0: Ground out 5-3 (Groundball, 56, EV 78.8 MPH)
Batting: RHB Moises Acosta 0-0: Called Strike
0-1: Ball
1-1: Ball
2-1: DOUBLE (Line Drive, 78XD, EV 104.4 MPH)
Batting: RHB Adrien Perkins 0-0: SINGLE (Groundball, 6S, EV 68.8 MPH) (infield hit)
Moises Acosta to third
Batting: RHB Ignacio Velasquez 0-0: Ball
1-0: Called Strike
1-1: Foul Ball, location: 2F
1-2: Ball
2-2: Strikes out swinging
Top of the 1st over - 0 runs, 2 hits, 0 errors, 2 left on base; Newark 0 - Oneonta 0
BOTTOM OF THE 1ST
Oneonta Indians batting - Pitching for Newark Black Sox : RHP Mark Ciardi
Pitching: RHP Mark Ciardi
Batting: RHB Keith Flenoir 0-0: DOUBLE (Line Drive, 5D, EV 96.9 MPH)
Batting: RHB William Luzinski 0-0: Ball
1-0: Ball
2-0: Ball
3-0: Base on Balls
Batting: LHB Lenny Nay 0-0: Called Strike
0-1: Called Strike
0-2: Foul Ball, location: 2F
0-2: Ball
1-2: Strikes out swinging
Batting: LHB Frank Martinez 0-0: Ball
1-0: Foul Ball, location: 2F
1-1: Ball
2-1: DOUBLE (Flyball, 8LXD, EV 99.4 MPH)
Keith Flenoir scores
William Luzinski to third
Batting: RHB Marcos Rodriguez 0-0: Ball
1-0: Called Strike
1-1: Foul Ball, location: 2F
1-2: Foul Ball, location: 2F
1-2: Ground out 4-3 (Groundball, 4, EV 106.9 MPH)
William Luzinski scores
Frank Martinez to third
Batting: LHB Harry Jones 0-0: Foul Ball, location: 2F
0-1: Ball
1-1: Foul Ball, location: 2F
1-2: Strikes out swinging
Bottom of the 1st over - 2 runs, 2 hits, 0 errors, 1 left on base; Newark 0 - Oneonta 2
TOP OF THE 2ND
Newark Black Sox batting - Pitching for Oneonta Indians : LHP Steve K Davis
Batting: RHB Jerry Bendorf 0-0: Ball
1-0: Called Strike
1-1: Ball
2-1: DOUBLE (Flyball, 89D, EV 109.4 MPH)
Batting: RHB Henry Hubbard 0-0: Ball
1-0: Bunt missed!
1-1: Bunted foul
1-2: Ball
2-2: SINGLE (Groundball, 56D, EV 98.8 MPH)
Jerry Bendorf to third
Batting: RHB Danny Griffin 0-0: Ball
1-0: Foul Ball, location: 2F
1-1: Ball
2-1: Called Strike
2-2: Foul Ball, location: 2F
2-2: Foul Ball, location: 2F
2-2: Ground out 5-3 (Groundball, 56S, EV 92.5 MPH)
Jerry Bendorf scores
Henry Hubbard to second
Batting: RHB Orlando Gonzalez 0-0: Called Strike
0-1: Ground out 5-3 (Groundball, 15, EV 89.4 MPH)
Batting: RHB Rafael Belliard 0-0: Ground out 4-3 (Groundball, 4MS, EV 84.4 MPH)
Top of the 2nd over - 1 run, 2 hits, 0 errors, 1 left on base; Newark 1 - Oneonta 2
BOTTOM OF THE 2ND
Oneonta Indians batting - Pitching for Newark Black Sox : RHP Mark Ciardi
Batting: RHB Richard James 0-0: Ball
1-0: Called Strike
1-1: Ground out 6-3 (Groundball, 6, EV 105.0 MPH)
Batting: LHB Chris Forgione 0-0: Ball
1-0: Ball
2-0: Ball
3-0: Called Strike
3-1: Foul Ball, location: 2F
3-2: Strikes out swinging
Batting: RHB Alberto Zappala 0-0: Ball
1-0: Ball
2-0: Ball
3-0: Base on Balls
Batting: RHB Keith Flenoir 0-0: Called Strike
Alberto Zappala steals 2nd, throwing error, E2
Alberto Zappala to third
0-1: Ball
1-1: Ball
2-1: Swinging Strike
2-2: Ball
3-2: Foul Ball, location: 2F
3-2: Foul Ball, location: 2F
3-2: SINGLE (Line Drive, 7S, EV 100.0 MPH)
Alberto Zappala scores
Batting: RHB William Luzinski 0-0: Foul Ball, location: 2F
0-1: SINGLE (Line Drive, 5D, EV 98.8 MPH)
Keith Flenoir to second
Runner from 2nd tries for 3rd, SAFE, no throw by LF
Batting: LHB Lenny Nay 0-0: Ball
1-0: Ball
2-0: Fly out, F8 (Flyball, 8RXD, EV 88.8 MPH)
Bottom of the 2nd over - 1 run, 2 hits, 1 error, 2 left on base; Newark 1 - Oneonta 3
TOP OF THE 3RD
Newark Black Sox batting - Pitching for Oneonta Indians : LHP Steve K Davis
Batting: RHB Ellis Burks 0-0: Swinging Strike
0-1: Called Strike
0-2: Ball
1-2: Strikes out looking
Batting: RHB Moises Acosta 0-0: Called Strike
0-1: Ball
1-1: Ball
2-1: Ground out 5-3 (Groundball, 5S, EV 83.8 MPH)
Batting: RHB Adrien Perkins 0-0: Foul Ball, location: 2F
0-1: Ball
1-1: Called Strike
1-2: Foul Ball, location: 2F
1-2: Foul Ball, location: 2F
1-2: Strikes out swinging
Top of the 3rd over - 0 runs, 0 hits, 0 errors, 0 left on base; Newark 1 - Oneonta 3
BOTTOM OF THE 3RD
Oneonta Indians batting - Pitching for Newark Black Sox : RHP Mark Ciardi
Batting: LHB Frank Martinez 0-0: Called Strike
0-1: Ball
1-1: Ball
2-1: Swinging Strike
2-2: SOLO HOME RUN (Flyball, 89XD, EV 98.1 MPH), Distance : 426 ft
Batting: RHB Marcos Rodriguez 0-0: Called Strike
0-1: Foul Ball, location: 2F
0-2: Strikes out swinging
Batting: LHB Harry Jones 0-0: Ball
1-0: Swinging Strike
1-1: Foul Ball, location: 2F
1-2: Strikes out swinging
Batting: RHB Richard James 0-0: Ground out 5-3 (Groundball, 56S, EV 63.1 MPH)
Bottom of the 3rd over - 1 run, 1 hit, 0 errors, 0 left on base; Newark 1 - Oneonta 4
TOP OF THE 4TH
Newark Black Sox batting - Pitching for Oneonta Indians : LHP Steve K Davis
Batting: RHB Ignacio Velasquez 0-0: Called Strike
0-1: Swinging Strike
0-2: DOUBLE (Flyball, 8RXD, EV 106.3 MPH)
Batting: RHB Jerry Bendorf 0-0: Called Strike
0-1: Ground out 5-3 (Groundball, 56S, EV 91.3 MPH)
Batting: RHB Henry Hubbard 0-0: Called Strike
0-1: Ground out U3 (Groundball, 34, EV 99.4 MPH)
Ignacio Velasquez to third
Batting: RHB Danny Griffin 0-0: Foul Ball, location: 2F
0-1: Ball
1-1: Foul Ball, location: 2F
1-2: SINGLE (Groundball, 4MD, EV 102.5 MPH)
Ignacio Velasquez scores
Batting: RHB Orlando Gonzalez 0-0: Ball
1-0: Ball
2-0: Ball
3-0: Called Strike
3-1: Fly out, F9 (Line Drive, 9, EV 90.0 MPH)
Top of the 4th over - 1 run, 2 hits, 0 errors, 1 left on base; Newark 2 - Oneonta 4
BOTTOM OF THE 4TH
Oneonta Indians batting - Pitching for Newark Black Sox : RHP Mark Ciardi
Batting: LHB Chris Forgione 0-0: Ball
1-0: Ball
2-0: Ground out 6-3 (Groundball, 56, EV 103.1 MPH)
Batting: RHB Alberto Zappala 0-0: Ground out 4-3 (Groundball, 4, EV 108.8 MPH)
Batting: RHB Keith Flenoir 0-0: Called Strike
0-1: Ball
1-1: SINGLE (Groundball, 34D, EV 103.8 MPH)
Batting: RHB William Luzinski 0-0: Called Strike
0-1: Ball
1-1: Foul Ball, location: 2F
1-2: Ball
2-2: Foul Ball, location: 2F
2-2: Strikes out swinging
Bottom of the 4th over - 0 runs, 1 hit, 0 errors, 1 left on base; Newark 2 - Oneonta 4
TOP OF THE 5TH
Newark Black Sox batting - Pitching for Oneonta Indians : LHP Steve K Davis
Batting: RHB Rafael Belliard 0-0: Ball
1-0: Ball
2-0: Ball
3-0: Called Strike
3-1: Called Strike
3-2: Strikes out swinging
Batting: RHB Ellis Burks 0-0: Ball
1-0: Called Strike
1-1: Foul Ball, location: 2F
1-2: Strikes out looking
Batting: RHB Moises Acosta 0-0: Called Strike
0-1: Swinging Strike
0-2: Foul Ball, location: 2F
0-2: Ball
1-2: Strikes out looking
Top of the 5th over - 0 runs, 0 hits, 0 errors, 0 left on base; Newark 2 - Oneonta 4
BOTTOM OF THE 5TH
Oneonta Indians batting - Pitching for Newark Black Sox : RHP Mark Ciardi
Batting: LHB Lenny Nay 0-0: Foul Ball, location: 2F
0-1: Ball
1-1: Fly out, F7 (Flyball, 7LM, EV 87.5 MPH)
Batting: LHB Frank Martinez 0-0: Ball
1-0: Called Strike
1-1: Swinging Strike
1-2: Strikes out swinging
Batting: RHB Marcos Rodriguez 0-0: Ground out 5-3 (Groundball, 5, EV 111.9 MPH)
Bottom of the 5th over - 0 runs, 0 hits, 0 errors, 0 left on base; Newark 2 - Oneonta 4
TOP OF THE 6TH
Newark Black Sox batting - Pitching for Oneonta Indians : LHP Steve K Davis
Batting: RHB Adrien Perkins 0-0: Foul Ball, location: 2F
0-1: Ball
1-1: Swinging Strike
1-2: Ball
2-2: Strikes out swinging
Batting: RHB Ignacio Velasquez 0-0: Ball
1-0: Foul Ball, location: 2F
1-1: Ball
2-1: Reached on error, E5 (Groundball, 56S, EV 86.3 MPH)
Batting: RHB Jerry Bendorf 0-0: Swinging Strike
0-1: Foul Ball, location: 2F
0-2: Strikes out swinging
Batting: RHB Henry Hubbard 0-0: Ball
1-0: Ball
2-0: Ball
3-0: Called Strike
3-1: Base on Balls
Ignacio Velasquez to second
Batting: RHB Danny Griffin 0-0: Foul Ball, location: 2F
0-1: Called Strike
0-2: Foul Ball, location: 2F
0-2: Strikes out swinging
Top of the 6th over - 0 runs, 0 hits, 1 error, 2 left on base; Newark 2 - Oneonta 4
BOTTOM OF THE 6TH
Oneonta Indians batting - Pitching for Newark Black Sox : RHP Mark Ciardi
Batting: LHB Harry Jones 0-0: Ball
1-0: Called Strike
1-1: Foul Ball, location: 2F
1-2: SINGLE (Line Drive, 7S, EV 108.8 MPH)
Batting: RHB Richard James 0-0: Swinging Strike
Harry Jones steals 2nd base
0-1: Ground out 4-3 (Groundball, 34, EV 78.8 MPH)
Harry Jones to third
Batting: LHB Chris Forgione 0-0: Fly out, F8 (Flyball, 89XD, EV 90.6 MPH)
Runner from 3rd tags up, SCORES, no throw by CF
Batting: RHB Alberto Zappala 0-0: Swinging Strike
0-1: Swinging Strike
0-2: Strikes out looking
Bottom of the 6th over - 1 run, 1 hit, 0 errors, 0 left on base; Newark 2 - Oneonta 5
TOP OF THE 7TH
Newark Black Sox batting - Pitching for Oneonta Indians : LHP Steve K Davis
Batting: RHB Orlando Gonzalez 0-0: Foul Ball, location: 2F
0-1: Foul Ball, location: 2F
0-2: Strikes out swinging
Batting: RHB Rafael Belliard 0-0: Called Strike
0-1: Ball
1-1: Ball
2-1: Swinging Strike
2-2: Foul Ball, location: 2F
2-2: Ball
3-2: Foul Ball, location: 2F
3-2: Foul Ball, location: 2F
3-2: SINGLE (Groundball, 34D, EV 96.9 MPH)
Pitching: RHP Jeff Mihlbachler
Batting: RHB Ellis Burks 0-0: Ball
1-0: Foul Ball, location: 2F
1-1: Ball
2-1: Foul Ball, location: 2F
2-2: SINGLE (Groundball, P, EV 81.3 MPH) (infield hit)
Rafael Belliard to second
Batting: RHB Moises Acosta 0-0: Ball
1-0: Grounds into double play, 6-4-3 (Groundball, 6, EV 83.1 MPH)
Top of the 7th over - 0 runs, 2 hits, 0 errors, 1 left on base; Newark 2 - Oneonta 5
BOTTOM OF THE 7TH
Oneonta Indians batting - Pitching for Newark Black Sox : RHP Mark Ciardi
Pitching: RHP Jeff Innis
Batting: RHB Keith Flenoir 0-0: Called Strike
0-1: Ball
1-1: Ground out U3 (Groundball, 3S, EV 64.4 MPH)
Batting: RHB William Luzinski 0-0: Ball
1-0: Called Strike
1-1: Fly out, F8 (Flyball, 8RD, EV 96.3 MPH)
Batting: LHB Lenny Nay 0-0: Ball
1-0: Ball
2-0: Called Strike
2-1: Foul Ball, location: 2F
2-2: Foul Ball, location: 2F
2-2: Strikes out swinging
Bottom of the 7th over - 0 runs, 0 hits, 0 errors, 0 left on base; Newark 2 - Oneonta 5
TOP OF THE 8TH
Newark Black Sox batting - Pitching for Oneonta Indians : RHP Jeff Mihlbachler
Batting: RHB Adrien Perkins 0-0: Called Strike
0-1: Ball
1-1: Foul Ball, location: 2F
1-2: Ball
2-2: Foul Ball, location: 2F
2-2: Strikes out swinging
Batting: RHB Ignacio Velasquez 0-0: Called Strike
0-1: Called Strike
0-2: Foul Ball, location: 2F
0-2: Strikes out swinging
Batting: RHB Jerry Bendorf 0-0: Swinging Strike
0-1: Fly out, F5 (Popup, 56, EV 71.9 MPH)
Top of the 8th over - 0 runs, 0 hits, 0 errors, 0 left on base; Newark 2 - Oneonta 5
BOTTOM OF THE 8TH
Oneonta Indians batting - Pitching for Newark Black Sox : RHP Jeff Innis
Batting: LHB Frank Martinez 0-0: Called Strike
0-1: Foul Ball, location: 2F
0-2: Ball
1-2: Ground out 4-3 (Groundball, 4, EV 89.4 MPH)
Batting: RHB Marcos Rodriguez 0-0: Called Strike
0-1: Foul Ball, location: 2F
0-2: Strikes out looking
Batting: LHB Harry Jones 0-0: Ground out 4-3 (Groundball, 34D, EV 105.6 MPH)
Bottom of the 8th over - 0 runs, 0 hits, 0 errors, 0 left on base; Newark 2 - Oneonta 5
TOP OF THE 9TH
Newark Black Sox batting - Pitching for Oneonta Indians : RHP Jeff Mihlbachler
Pitching: LHP Mike Dalton
Batting: RHB Henry Hubbard 0-0: Ground out 5-3 (Groundball, 56S, EV 64.4 MPH)
Batting: RHB Danny Griffin 0-0: Ball
1-0: Foul Ball, location: 2F
1-1: Called Strike
1-2: Ball
2-2: Strikes out swinging
Batting: RHB Orlando Gonzalez 0-0: Ball
1-0: Reached on error, E5 (Groundball, 5S, EV 76.9 MPH)
Batting: RHB Rafael Belliard 0-0: Foul Ball, location: 2F
0-1: Ball
1-1: Ball
2-1: Fly out, F9 (Flyball, 9LM, EV 86.9 MPH)
Top of the 9th over - 0 runs, 0 hits, 1 error, 1 left on base; Newark 2 - Oneonta 5
Tuesday, October 22nd , 2024 - OOTP Baseball 25.9 Build 91